 Dungeon Crawl Stone Soup version 0.29.1-2-gbd0b4ee654 (webtiles) character file.

Game seed: 3804826311349048020

43 GorkyZ the Cudgeller (level 3, 0/22 HPs)
             Began as a Gargoyle Gladiator on Dec 1, 2022.
             Slain by a gnoll
             ... wielding a +0 club
              (2 damage)
             ... on level 1 of the Dungeon.
             The game lasted 00:03:42 (1023 turns).

GorkyZ the Cudgeller (Gargoyle Gladiator)           Turns: 1023, Time: 00:03:42

Health: 0/22       AC:  8    Str: 19    XL:     3   Next: 58%
Magic:  3/3        EV: 12    Int:  8    God:
Gold:   39         SH:  5    Dex: 11    Spells: 2/2 levels left

rFire   . . .      SeeInvis .   n - +1 dagger (venom)
rCold   . . .      Faith    .   (no shield)
rNeg    + . .      Spirit   .   b - +0 leather armour
rPois   ∞          Reflect  +   c - +0 helmet
rElec   +          Harm     .   l - +0 cloak
rCorr   .          Rampage  .   (no gloves)
Will    .....                   (no boots)
Stlth   +.........              i - amulet of reflection
HPRegen 0.07/turn               (no ring)
MPRegen 0.08/turn               (no ring)

@: no status effects
A: sickness immunity, AC +3, negative energy resistance 1, electricity
resistance, torment resistance 1, petrification resistance
a: no special abilities


You were on level 1 of the Dungeon.
You visited 1 branch of the dungeon, and saw 2 of its levels.

You collected 39 gold pieces.

Inventory:

Hand Weapons
 a - a +0 flail
 m - a +1 spear of pain
 n - a +1 dagger of venom (weapon)
Missiles
 d - 3 throwing nets (quivered)
 e - a javelin
 o - 4 poisoned darts
Armour
 b - a +0 leather armour (worn)
 c - a +0 helmet (worn)
 h - a scarf of resistance
 l - a +0 cloak (worn)
Jewellery
 i - an amulet of reflection (around neck)
 k - an amulet of guardian spirit
Scrolls
 j - a scroll of teleportation
Potions
 f - a potion of berserk rage {unknown}


   Skills:
 + Level 2.6 Fighting
 + Level 3.4 Maces & Flails
 - Level 0.1 Polearms
 + Level 2.2 Throwing
 + Level 1.2 Armour
 + Level 2.6 Dodging


You had 2 spell levels left.
You didn't know any spells.
Your spell library contained the following spells:

 Spells                   Type           Power      Damage    Failure   Level
 Ensorcelled Hibernation  Hex/Ice        0%         N/A       61%         2
 Spider Form              Tmut/Pois      0%         N/A       83%         3
 Anguish                  Hex/Necr       0%         N/A       99%         4


Dungeon Overview and Level Annotations

Branches:
Dungeon (2/15)

Altars:

Annotations:
D:2 Terence


Innate Abilities, Weirdness & Mutations

You are immune to sickness and miasma.
Your stone body is resilient. (AC +3)
You are immune to poison.
You resist negative energy. (rN+)
You are resistant to electric shocks. (rElec)
You are resistant to unholy torment.
You are immune to petrification.


Message History

The endoplasm freezes you.
You are frozen.
There are no objects that can be picked up here. a throwing net You struggle against the net.
Terence shouts!
The gnoll hits you with a +0 club.
The endoplasm hits you but does no damage.
The hobgoblin hits you.
You are held in a net!
You are held in a net!
You are held in a net!
You shred the net and break free! The gnoll hits you with a +0 club.
The gnoll misses you. The endoplasm misses you. The hobgoblin misses you.
The gnoll closely misses you.
The endoplasm hits you but does no damage.
The gnoll hits you from afar with a +0 spear.
The hobgoblin closely misses you.
You climb upwards.
There is a stone staircase leading down here.
You are too injured to fight recklessly!
You are too injured to fight recklessly!
You are too injured to fight recklessly!
You are too injured to fight recklessly!
You are too injured to fight recklessly!
You are too injured to fight recklessly!
You barely miss the gnoll. The gnoll hits you with a +0 club.
* * * LOW HITPOINT WARNING * * *
The hobgoblin closely misses you. The endoplasm misses you.
You hit the endoplasm.
The endoplasm is moderately wounded.
The gnoll hits you with a +0 club.
* * * LOW HITPOINT WARNING * * *
You block the hobgoblin's attack.
The endoplasm hits you but does no damage.
You hit the endoplasm.
You kill the endoplasm!
The gnoll hits you but does no damage. The hobgoblin barely misses you.
You barely miss the gnoll. The gnoll hits you with a +0 club.
You die...

#.......)# #........# #........#
############# #........##
#...........# #.........#
#...........# #.........#
#...........# #.........#######
##......÷....####g........#......
.'...........'.†@g..........##†##
##...........###)##.####..#.##...
############# #.##.....#)#.#####
#### #.######.#.#.# ...#
#####.######...#.### ...#
#..................## ...#
#.##................# (..#
#.##...##♣♣♣.♣♣♣##..# ...#
#.##...# ♣⌠♣ #..#


You could see a gnoll and a hobgoblin.

Vanquished Creatures
  2 gnolls (D:1)
  A bat (D:1)
  3 endoplasms (D:1)
  2 giant cockroaches (D:1)
  3 goblins (D:1)
  3 hobgoblins (D:1)
  2 ball pythons (D:1)
  A frilled lizard (D:1)
  2 kobolds (D:1)
  4 rats (D:1)
23 creatures vanquished.

Notes
Turn   | Place    | Note
-------+----------+-------------------------------------------
     0 | D:1      | GorkyZ the Gargoyle Gladiator began the quest for the Orb.
     0 | D:1      | Reached XP level 1. HP: 12/12 MP: 1/1
   204 | D:1      | Reached XP level 2. HP: 17/17 MP: 2/2
   850 | D:1      | Reached skill level 1 in Armour
   850 | D:1      | Reached XP level 3. HP: 17/22 MP: 3/3
  1015 | D:2      | Noticed Terence
  1023 | D:1      | Slain by a gnoll

Illustrated notes

Levels and vault maps discovered:
D:1:      scummos_arrival_forest, layout_basic
D:2:      minmay_roachtagon, layout_loops_ring, uniq_terence

Skill      XL: |  1  2 |
---------------+-------+-----
Throwing       | 2 |  2.2
Armour         | 1 |  1.2
Fighting       | |  2.6
Maces & Flails | |  3.4
Polearms       | |  0.1
Dodging        | |  2.6

Action                   || total
-------------------------++-------
Melee: Flail             ||    21
       Spear             ||    16
       Dagger            ||    29
       Punch             ||     2
  Use: Scroll            ||     2
Armor: Leather armour    ||    27
Dodge: Dodged            ||    46
Block: Other             ||    12
       Reflection        ||     1
